 Dungeon Crawl Stone Soup version 0.19.0-19-g8c6edcc (webtiles) character file.

95 mmcf the Shield-Bearer (level 4, -5/37 HPs)
             Began as a Formicid Fighter on Nov 13, 2016.
             Slain by Crazy Yiuf
             ... wielding a +4 quarterstaff of chaos
              (18 damage)
             ... on level 2 of the Dungeon.
             The game lasted 00:03:35 (2166 turns).

mmcf the Shield-Bearer (Formicid Fighter)           Turns: 2166, Time: 00:03:36

Health: -5/37      AC:  7    Str: 21    XL:     4   Next: 95%
Magic:  4/4        EV:  8    Int:  7    God:
Gold:   118        SH:  9    Dex: 11    Spells: 0 memorised, 3 levels left

rFire  . . .     SeeInvis +     a - +0 war axe
rCold  . . .     Gourm    .     y - +0 scale mail
rNeg   . . .     Faith    .     c - +0 shield
rPois  .         Spirit   .     (helmet unavailable)
rElec  .         Reflect  .     (no cloak)
rCorr  .         Harm     .     (no gloves)
MR     .....                    (no boots)
Stlth  ++........               (no amulet)
                                l - ring of stealth
                                i - ring of stealth

@: no status effects
A: permanent stasis, dig shafts and tunnels, four strong arms, antennae 3
a: Dig, Shaft Self


You were on level 2 of the Dungeon.
You were not hungry.

You visited 1 branch of the dungeon, and saw 3 of its levels.

You collected 118 gold pieces.

Inventory:

Hand Weapons
 a - a +0 war axe (weapon)
Missiles
 k - 5 poisoned javelins (quivered)
 s - 7 poisoned needles
Armour
 c - a +0 shield (worn)
 y - a +0 scale mail (worn)
Jewellery
 i - a ring of stealth (left hand)
 l - a ring of stealth (right hand)
Scrolls
 b - a scroll of enchant weapon {unknown}
 e - 3 scrolls of identify
 g - 2 scrolls of magic mapping {unknown}
 h - a scroll of remove curse {unknown}
 j - a scroll of teleportation {unknown}
 n - a scroll of immolation {unknown}
 p - a scroll of blinking {unknown}
 q - a scroll of fog {unknown}
 r - a scroll of random uselessness {unknown}
 x - a scroll of enchant armour {unknown}
Potions
 d - a potion of might
 m - a potion of lignification
 t - a potion of resistance
 v - 2 potions of curing
Comestibles
 f - a bread ration
 o - a meat ration
 w - 5 chunks of flesh


   Skills:
 + Level 4.1 Fighting
 + Level 2.8 Axes
 - Level 4.1 Armour
 + Level 4.3 Shields


You had 3 spell levels left.
You didn't know any spells.

Dungeon Overview and Level Annotations

Branches:
Dungeon (3/15)

Altars:

Annotations:
D:2 Crazy Yiuf


Innate Abilities, Weirdness & Mutations

You are under a permanent stasis effect.
You can dig through walls and to a lower floor.
Your four strong arms can wield two-handed weapons with a shield.
You have a pair of large antennae on your head. (SInv)


Message History

Crazy Yiuf is lightly wounded.
Crazy Yiuf whimpers, "Leather koolooloo illywillydillykilly!"
Crazy Yiuf hits you with a quarterstaff of chaos. x2
You hit Crazy Yiuf.
Crazy Yiuf is heavily wounded.
You block Crazy Yiuf's attack.
You hit Crazy Yiuf but do no damage.
Crazy Yiuf is heavily wounded.
You block Crazy Yiuf's attack.
You closely miss Crazy Yiuf.
Crazy Yiuf is heavily wounded.
Crazy Yiuf hits you with a quarterstaff of chaos.
Crazy Yiuf freezes you.
You hit Crazy Yiuf.
Crazy Yiuf is severely wounded.
Crazy Yiuf says, "You!"
Crazy Yiuf hits you but does no damage.
Crazy Yiuf hits you with a quarterstaff of chaos.
You are electrocuted!
You die...

.........# #.#
#..###.#.#
###...
#.######.# #.#
#........#
##.#
.#.#####.# #.#
##.###.### #.#
.........#####
### ### #.#
.#.##.#....#
#.#
..#..#..####
##### #..
.#.##(#.#
#)..# ###
.#.##.#.#
#.g.# #
..#..#..#
#.@.# #
.#.##.#.#
##'## #
........####
#.## #
...........#
##.# #
......######
#.## # ......#
##.# #
......## ##.##
# ...>...#
##...# #
...(...#####
#.#..# #


You could see Crazy Yiuf.

Vanquished Creatures
  3 gnolls
  An adder (D:2)
  A dart slug (D:2)
  2 leopard geckos
  A ball python (D:1)
  3 giant cockroaches
  7 goblins
  5 hobgoblins
  7 jackals
  A quokka (D:2)
  3 bats
  3 frilled lizards (D:1)
  7 kobolds
  6 rats (D:1)
50 creatures vanquished.

Notes
Turn   | Place    | Note
-------+----------+-------------------------------------------
     0 | D:1      | mmcf the Formicid Fighter began the quest for the Orb.
     0 | D:1      | Reached XP level 1. HP: 18/18 MP: 1/1
   100 | D:1      | Reached XP level 2. HP: 24/24 MP: 2/2
   419 | D:1      | Reached XP level 3. HP: 26/30 MP: 3/3
   955 | D:2      | Found a runed door.
  1405 | D:1      | Reached XP level 4. HP: 28/37 MP: 4/4
  1709 | D:2      | Found a faded altar of an unknown god.
  2156 | D:2      | Noticed Crazy Yiuf
  2166 | D:2      | Slain by Crazy Yiuf

Skill      XL: |  1  2  3  4 |
---------------+-------------+-----
Shields        | 4 |  4.3
Fighting       | 4 |  4.1
Armour         | 4 |  4.1
Axes           | |  2.8

Action                   |  1- 3 |  4- 6 || total
-------------------------+-------+-------++-------
Melee: War axe           |   124 |    51 ||   175
  Use: Scroll            |       |     4 ||     4
 Stab: Sleeping          |       |     2 ||     2
  Eat: Chunk             |     1 |     3 ||     4
Armor: Scale mail        |    58 |    26 ||    84
Dodge: Dodged            |    53 |    13 ||    66
Block: Shield            |    92 |    21 ||   113
